Workbook

Sheet Interview
A1: Questions for clinic managers/non-participatory observation (Context) | B1: Response
A2: How are RHD services provided in GSH cardaic clinic? | B2: RHD patients are seen within the clinic. No seperate facilitites for RHD patients. No CHWs . Generally RHD patients seen at the clinic will have an ECG and Echo and then collect one month supply andbe given a new appointment in about 6 months to a year, No peer educators/CHW .
A3: % of RHD patients who are on clinic | B3: No idea. Probably around 20-30%. Can ask the nursing manager for this information, based on ICD 10 codes. ( Do this for each of the clinics in a week then calculate an average)
A4: Is there an NGO or CHW support? Which NGO or CHW? Contact details. | B4: no
A5: Are RHD drugs collected daily, weekly or monthly? | B5: Monthly
A6: How are DENTAL or ENT services provided prior to RHD care or surgery? | B6: no, dental should be in the consusltation and then referral if needed. ENT unlikely, dental referrals
A7: Number, type and grade of staff involved in RHD diagnosis and treatment | B7: diagnosis: consultant cardiologist, senrior registrar and junior registrars with ECH tech and Echo tech. Treatment not done at clinic, if needed admitted or discharged home with medicialtion and new appointment.
A8: Number and type of staff involved in DENTAL or ENT diagnosis and treatment? | B8: nil- only referral to dentists
A9: Type and duration of training provided to staff involved in RHD and DENTAL or ENT services | B9: diagnosis: ECG tech and Echo tech-> however Echo tech probably has additional 1-2 years of RHD /cardiac echo training.
A10: Cardiac clinic opening hours | B10: 7 - 5 pm clinic ( actual for patients 8-3.30), 0 sisters on night shift, no drugs dispensed in clinic
A11: RHD diagnostic tests offered | B11: ECG, echo, CXR and very rarely MRI, TOE (trans-oesphageal) echo and cardiac catheterisation
A12: X-ray, ECHO, ECG, BLOOD TEST, ANGIOGRAM or SURGICAL facility on site? | B12: yes
... A16: Is there a designated person who is filing the lab results? | B16: lab results on computer, doctors fill it in to the records and a record admin cclerk witll file into the folder.

Sheet Costs
D1: Cost of Ruematic Heart Disease (RHD) Care
D3: RHD direct care departments Costs
C5: NOTE: This costing spreadsheet includes:- OutPatient department, Medical & intensive coronary (ICU) unit, Catetarisation laboratory care and Operating theatre care.
C9: NOTE: ENTER DATA IN RED CELLS ONLY
A12: Name of the research: | C12: The economic impact of Rhuematic heart disease (RHD) on the health system of South Africa
A13: Name of the hospital: | C13: Groote Schuur Hospital (GSH)
B14: Created by: | C14: Assegid Hellebo
B15: Currency | C15: Average exchange rate for 2017 was 1US$ to ZAR13,5. | I15: 13.5
A17: 1) Out-Patient department costs:
A18: Recurrent costs
A19: i) | B19: Personnel cost
A20: Sr No. | B20: Type of personnel | C20: Contributors (those involved in RHD care) | D20: FTE (full time equivalent) | E20: % time allocation to the department | F20: Unit cost: gross annual salary (US$) | G20: Total cost: Total annual salary (US$) | H20: Cost allocated to RHD (US$) | I20: Unit personnel cost per outpatient clinic RHD encounter (US$)
D21: (a) | E21: ( b) | F21: (c) | G21: (d)= a*c | H21: (e)= b*d | I21: (f)= e*annual outpatient RHD visits
A22: 1 | B22: Operations manager cardiac clinic | C22: 1 | D22: 1 | E22: ='Utilisation rate workouts '!C9 -> 0.18519726 | F22: =489393.14/I15 -> 36251.344 | G22: =D22*F22 -> 36251.344 | H22: =G22*'% of time allocation workouts'!G7 -> 6713.6496 | I22: =H22/'Utilisation rate workouts '!C5 -> 1.9699676
A23: 2 | B23: Registered professional nurse | C23: 6 | D23: 6 | E23: ='Utilisation rate workouts '!C9 -> 0.18519726 | F23: =479765.15/I15 -> 35538.159 | G23: =D23*F23 -> 213228.96 | H23: =G23*'% of time allocation workouts'!G20 -> 30651.662 | I23: =H23/'Utilisation rate workouts '!C5 -> 8.9940324
A24: 3 | B24: Cardiac Specialist/Consultant | C24: 5 | D24: 5 | E24: ='Utilisation rate workouts '!C9 -> 0.18519726 | F24: =1344449/13.5 -> 99588.815 | G24: =D24*F24 -> 497944.07 | H24: =G24*'% of time allocation workouts'!G34 -> 39420.573 | I24: =H24/'Utilisation rate workouts '!C5 -> 11.567069
A25: 4 | B25: Doctor (senior registrar) | C25: 5 | D25: 5 | E25: ='Utilisation rate workouts '!C9 -> 0.18519726 | F25: =1017921.63/13.5 -> 75401.602 | G25: =D25*F25 -> 377008.01 | H25: =G25*'% of time allocation workouts'!G47 -> 39271.668 | I25: =H25/'Utilisation rate workouts '!C5 -> 11.523377
A26: 5 | B26: Doctor (Junior registrar) | C26: 7 | D26: 7 | E26: ='Utilisation rate workouts '!C9 -> 0.18519726 | F26: =792998.15/13.5 -> 58740.604 | G26: =D26*F26 -> 411184.23 | H26: =G26*'% of time allocation workouts'!G60 -> 33408.718 | I26: =H26/'Utilisation rate workouts '!C5 -> 9.8030277
A27: 6 | B27: Enrolled nurse | C27: 3 | D27: 3 | E27: ='Utilisation rate workouts '!C9 -> 0.18519726 | F27: =175963.68/13.5 -> 13034.347 | G27: =D27*F27 -> 39103.04 | H27: =G27*'% of time allocation workouts'!G73 -> 4399.092 | I27: =H27/'Utilisation rate workouts '!C5 -> 1.2908134
A28: 7 | B28: ECGtech | C28: 4 | D28: 4 | E28: ='Utilisation rate workouts '!C9 -> 0.18519726 | F28: =430279/13.5 -> 31872.519 | G28: =D28*F28 -> 127490.07 | H28: =G28*'% of time allocation workouts'!G102 -> 2549.8015 | I28: =H28/'Utilisation rate workouts '!C5 -> 0.74818119
A29: 8 | B29: ECHOtech | C29: 4 | D29: 4 | E29: ='Utilisation rate workouts '!C9 -> 0.18519726 | F29: =416577/13.5 -> 30857.556 | G29: =D29*F29 -> 123430.22 | H29: =G29*'% of time allocation workouts'!G102 -> 2468.6044 | I29: =H29/'Utilisation rate workouts '!C5 -> 0.72435576
A30: 9 | B30: Admin clerk | C30: 3 | D30: 3 | E30: ='Utilisation rate workouts '!C9 -> 0.18519726 | F30: =164400/13.5 -> 12177.778 | G30: =D30*F30 -> 36533.333 | H30: =G30*'% of time allocation workouts'!G86 -> 1826.6667 | I30: =H30/'Utilisation rate workouts '!C5 -> 0.53599374
A31: 10 | B31: Pharmacist | C31: 8 | D31: 8 | E31: ='Utilisation rate workouts '!C9 -> 0.18519726 | F31: =447320/13.5 -> 33134.815 | G31: =D31*F31 -> 265078.52 | H31: =G31*'% of time allocation workouts'!G105 -> 9277.7481 | I31: =H31/'Utilisation rate workouts '!C5 -> 2.7223439
A32: 11 | B32: Pharmacy assistant | C32: 8 | D32: 8 | E32: ='Utilisation rate workouts '!C9 -> 0.18519726 | F32: =204000/13.5 -> 15111.111 | G32: =D32*F32 -> 120888.89 | H32: =G32*'% of time allocation workouts'!G105 -> 4231.1111 | I32: =H32/'Utilisation rate workouts '!C5 -> 1.2415232
A33: 12 | B33: Medical records officer | C33: 2 | D33: 2 | E33: ='Utilisation rate workouts '!C9 -> 0.18519726 | F33: =158000/13.5 -> 11703.704 | G33: =D33*F33 -> 23407.407 | H33: =G33*'% of time allocation workouts'!G99 -> 1609.2593 | I33: =H33/'Utilisation rate workouts '!C5 -> 0.47220049
A34: Personnel cost | H34: =SUM(H22:H33) -> 175828.55 | I34: =SUM(I22:I33) -> 51.592885
A35: ii) Outpatient materials and consumables cost
G36: Annual outpatient cardaic clinic materials and consumables cost (US$) | H36: Annual materials and consumables cost allocated to RHD (US$) | I36: Unit materials and consumables cost per outpatient clinic RHD encounter (US$)
G37: (a) | H37: (b)=a*Utilisation rate workouts '!C9 | I37: (c)=b/annual RHD outpatient cardaic clinic RHD visits
A38: 13 | B38: Cardaic clinic materials and consumables | G38: =564054.82/13.5 -> 41781.839 | H38: =G38*'Utilisation rate workouts '!C9 -> 7737.8821 | I38: =H38/'Utilisation rate workouts '!C5 -> 2.2705053
A39: iii) Outpatient care builiding maintainance cost
G40: Annual outpatient cardaic clinic building maintanance cost (US$) | H40: Annual outpatient clinic maintainance cost allocated to RHD (US$) | I40: Unit building maintainance cost per outpatient clinic RHD encounter (US$)
G41: (a) | H41: (b)=a*Utilisation rate workouts '!C9 | I41: (c)=b/annual RHD outpatient cardaic clinic RHD visits
A42: 14 | B42: Builiding maintenance cost | G42: =J82 -> 11995.354 | H42: =G42*'Utilisation rate workouts '!C9 -> 2221.5068 | I42: =H42/'Utilisation rate workouts '!C5 -> 0.65185059
A43: iv) Outpatient care overhead costs
E44: Total outpatient care annual cost (US$) | F44: Total outpatient visits in GSH | G44: Total inpatient days in GSH | H44: PDE inpatient (PDE for annual GSH outpatient cost) | I44: Unit annual cost per outpatient clinic RHD encounter (US$)
E45: (a) | F45: (b) | G45: (c) | H45: (d)= (c)*3+(b) | I45: (e)= a/d
B46: Utilities
A47: 15 | B47: Electricity | E47: =36163360.89/13.5 -> 2678767.5 | F47: 520923 | G47: 303369 | H47: =(G47*3)+(F47) -> 1431030 | I47: =E47/H47 -> 1.8719157
A48: 16 | B48: Water | E48: =7230260.49/13.5 -> 535574.85 | F48: 520923 | G48: 303369 | H48: =(G48*3)+(F48) -> 1431030 | I48: =E48/H48 -> 0.3742583
A49: 17 | B49: Sewage | E49: =5948960.92/13.5 -> 440663.77 | F49: 520923 | G49: 303369 | H49: =(G49*3)+(F49) -> 1431030 | I49: =E49/H49 -> 0.30793468
A50: 18 | B50: Uniform and clothing | E50: =7325244.38/13.5 -> 542610.69 | F50: 520923 | G50: 303369 | H50: =(G50*3)+(F50) -> 1431030 | I50: =E50/H50 -> 0.37917493
A51: 19 | B51: Bio-safety disposal | E51: =1136116.4/13.5 -> 84156.77 | F51: 520923 | G51: 303369 | H51: =(G51*3)+(F51) -> 1431030 | I51: =E51/H51 -> 0.05880853
B52: Sub-total cost | E52: =SUM(E47:E51) -> 4281773.6 | I52: =SUM(I47:I51) -> 2.9920921
B53: Administrative costs
A54: 20 | B54: Telephone | E54: =2078736.44/13.5 -> 153980.48 | F54: 520923 | G54: 303369 | H54: =(G54*3)+(F54) -> 1431030 | I54: =E54/H54 -> 0.10760115
A55: 21 | B55: Airtime and data | E55: =23636.51/13.5 -> 1750.8526 | F55: 520923 | G55: 303369 | H55: =(G55*3)+(F55) -> 1431030 | I55: =E55/H55 -> 0.0012234912
A56: 22 | B56: Stationary and papers | E56: =4176117.51/13.5 -> 309342.04 | F56: 520923 | G56: 303369 | H56: =(G56*3)+(F56) -> 1431030 | I56: =E56/H56 -> 0.2161674
A57: 23 | B57: Subscriptions | E57: =6340.41/13.5 -> 469.66 | F57: 520923 | G57: 303369 | H57: =(G57*3)+(F57) -> 1431030 | I57: =E57/H57 -> 0.00032819717
A58: 24 | B58: Transportation (leases & Ops) | E58: =0/13.5 -> 0 | F58: 520923 | G58: 303369 | H58: =(G58*3)+(F58) -> 1431030 | I58: =E58/H58 -> 0
B59: Sub-total cost | E59: =SUM(E54:E58) -> 465543.03 | I59: =SUM(I54:I58) -> 0.32532024
B60: Cleaning and security
A61: 25 | B61: Cleaning and toileteries materials | E61: =4718004.22/13.5 -> 349481.79 | F61: 520923 | G61: 303369 | H61: =(G61*3)+(F61) -> 1431030 | I61: =E61/H61 -> 0.24421696
A62: 26 | B62: Cleaning services contract | E62: =18955908.17/13.5 -> 1404141.3 | F62: 520923 | G62: 303369 | H62: =(G62*3)+(F62) -> 1431030 | I62: =E62/H62 -> 0.98121028
A63: 27 | B63: Security services contract | E63: =13740300.92/13.5 -> 1017800.1 | F63: 520923 | G63: 303369 | H63: =(G63*3)+(F63) -> 1431030 | I63: =E63/H63 -> 0.71123601
A64: 28 | B64: Laundry | E64: =1448356.06/13.5 -> 107285.63 | F64: 520923 | G64: 303369 | H64: =(G64*3)+(F64) -> 1431030 | I64: =E64/H64 -> 0.074970919
B65: Sub-total cost | E65: =SUM(E61:E64) -> 2878708.8 | I65: =SUM(I61:I64) -> 2.0116342
A66: Overheads costs | E66: =SUM(E52+E59+E65) -> 7626025.4 | I66: =SUM(I52+I59+I65) -> 5.3290465
A67: Annual oupatient overheads cost allocated to RHD | E67: =I66*'Utilisation rate workouts '!C5 -> 18161.391
A68: v) Outpatient laboratory tests cost
G69: Annual laboratory tests cost allocated to RHD (US$) | H69: Total number of participant patients | I69: Unit laboratory test cost per RHD encounter (US$)
G70: (a) | H70: (b) | I70: (c)=a/b
A71: 29 | B71: Laboratory tests cost | G71: =316500/13.5 -> 23444.444 | H71: ='Utilisation rate workouts '!B5 -> 668 | I71: =G71/H71 -> 35.096474
A72: vi) Outpatient medications cost
E73: Monthly cost of RHD medications (US$) | F73: Total number of RHD patients | G73: Average monthly per-patient RHD medications cost (US$) | H73: Annual per-patient RHD medications cost (US$) | I73: Annual RHD medications cost (US$)
E74: (a) | F74: (b) | G74: (c)=a/b | H74: (d) = c*12 | I74: (e)= b*d
A75: 30 | B75: Medications cost | E75: =161817/13.5 -> 11986.444 | F75: ='Utilisation rate workouts '!B5 -> 668 | G75: =E75/F75 -> 17.943779 | H75: =G75*12 -> 215.32535 | I75: =H75*F75 -> 143837.33
A76: Capital costs
A77: 1) Out-Patient department costs:
A78: i) Building cost | I78: 20
C79: Total building square meter | D79: Allocation factor to RHD | E79: Space used for RHD | F79: Replacement value per square meter (US$) | G79: Total replacement value (US$) | H79: Monthly maintainance cost (US$) | I79: Annuity 3%, 20 years | J79: AMC | K79: Annual cost (US$) | L79: Unit buiding cost per RHD encounter (US$)
C80: (a) | D80: (b) | E80: (c)=a*b | F80: (d) | G80: (e)=c*d | H80: (f)=((10/100)*i)/12 | I80: (g) | J80: (h)=f*12 | K80: (i)=e/g | L80: (j)=i/annual RHD visits
A81: 31 | B81: Builiding cost | C81: 623 | D81: ='Utilisation rate workouts '!C9 -> 0.18519726 | E81: =C81*D81 -> 115.37789 | F81: =38670/13.5 -> 2864.4444 | G81: =F81*E81 -> 330493.57 | H81: =((10/100)*K81)/12 -> 185.12557 | I81: =IF(I78=30,19.6004, IF(I78=20,14.877,IF(I78=15,11.9379,IF(I78=10,8.5302,IF(I78=5,4.5797,IF(I78=2,1.9135)))))) -> 14.877 | J81: =H81*12 -> 2221.5068 | K81: =G81/I81 -> 22215.068 | L81: =K81/'Utilisation rate workouts '!C5 -> 6.5185059
C82: Cardaic clinic cost | D82: 1 | E82: 623 | F82: =38670/13.5 -> 2864.4444 | G82: =E82*F82 -> 1784548.9 | H82: =((10/100)*K82)/12 -> 999.61287 | I82: 14.877 | J82: =H82*12 -> 11995.354 | K82: =G82/I82 -> 119953.54
A83: ii) Equipments and furniture
B84: Consultation room
B85: Equipment and Furniture | C85: Quantity | D85: Replacement value (US$) | E85: Total replacement value | F85: Monthly maintenance costs (US$) | G85: Life Years (ELY) | H85: Annuity 3% | I85: AMC (US$) | J85: Annual cost (US$) | K85: % used for RHD | L85: Total for RHD (US$) | M85: Cost of RHD per RHD encounter (US$)
A86: 32 | B86: Airconditioner | C86: 12 | D86: =24849/13.5 -> 1840.6667 | E86: =C86*D86 -> 22088 | F86: =((10/100)*E86)/12 -> 184.06667 | G86: 15 | H86: =IF(G86=30,19.6, IF(G86=20,14.877,IF(G86=15,11.93,IF(G86=10,8.5302,IF(G86=5,4.5797,IF(G86=2,1.9135)))))) -> 11.93 | I86: =F86*12 -> 2208.8 | J86: =(E86/H86)+I86 -> 4060.2669 | K86: ='Utilisation rate workouts '!C9 -> 0.18519726 | L86: =J86*K86 -> 751.95031 | M86: =L86/'Utilisation rate workouts '!$C$5 -> 0.2206427
A87: 33 | B87: Examination bed | C87: 12 | D87: =6684/13.5 -> 495.11111 | E87: =C87*D87 -> 5941.3333 | F87: =((10/100)*E87)/12 -> 49.511111 | G87: 15 | H87: =IF(G86=30,19.6, IF(G86=20,14.877,IF(G86=15,11.93,IF(G86=10,8.5302,IF(G86=5,4.5797,IF(G86=2,1.9135)))))) -> 11.93 | I87: =F87*12 -> 594.13333 | J87: =(E87/H87)+I87 -> 1092.1495 | K87: ='Utilisation rate workouts '!C9 -> 0.18519726 | L87: =J87*K87 -> 202.2631 | M87: =L87/'Utilisation rate workouts '!$C$5 -> 0.059349502
A88: 34 | B88: Bin | C88: 12 | D88: =106.08/13.5 -> 7.8577778 | E88: =C88*D88 -> 94.293333 | F88: =((10/100)*E88)/12 -> 0.78577778 | G88: 5 | H88: =IF(G88=30,19.6004, IF(G88=15,11.9379,IF(G88=10,8.5302,IF(G88=5,4.5797,IF(G88=2,1.9135))))) -> 4.5797 | I88: =F88*12 -> 9.4293333 | J88: =E88/H88+I88 -> 30.018746 | K88: ='Utilisation rate workouts '!C9 -> 0.18519726 | L88: =J88*K88 -> 5.5593895 | M88: =L88/'Utilisation rate workouts '!$C$5 -> 0.0016312763
A89: 35 | B89: Apparatus blood pressure | C89: 12 | D89: =599/13.5 -> 44.37037 | E89: =C89*D89 -> 532.44444 | F89: =((10/100)*E89)/12 -> 4.437037 | G89: 5 | H89: =IF(G89=30,19.6004, IF(G89=15,11.9379,IF(G89=10,8.5302,IF(G89=5,4.5797,IF(G89=2,1.9135))))) -> 4.5797 | I89: =F89*12 -> 53.244444 | J89: =E89/H89+I89 -> 169.50631 | K89: ='Utilisation rate workouts '!C9 -> 0.18519726 | L89: =J89*K89 -> 31.392104 | M89: =L89/'Utilisation rate workouts '!$C$5 -> 0.009211298
A90: 36 | B90: Chair mid back | C90: 24 | D90: =951/13.5 -> 70.444444 | E90: =C90*D90 -> 1690.6667 | F90: =((10/100)*E90)/12 -> 14.088889 | G90: 15 | H90: =IF(G90=30,19.6004, IF(G90=15,11.9379,IF(G90=10,8.5302,IF(G90=5,4.5797,IF(G90=2,1.9135))))) -> 11.9379 | I90: =F90*12 -> 169.06667 | J90: =E90/H90+I90 -> 310.68845 | K90: ='Utilisation rate workouts '!C9 -> 0.18519726 | L90: =J90*K90 -> 57.53865 | M90: =L90/'Utilisation rate workouts '!$C$5 -> 0.016883407
A91: 37 | B91: Filing cabinet | C91: 12 | D91: =1999/13.5 -> 148.07407 | E91: =C91*D91 -> 1776.8889 | F91: =((10/100)*E91)/12 -> 14.807407 | G91: 15 | H91: =IF(G91=30,19.6004, IF(G91=15,11.9379,IF(G91=10,8.5302,IF(G91=5,4.5797,IF(G91=2,1.9135))))) -> 11.9379 | I91: =F91*12 -> 177.68889 | J91: =E91/H91+I91 -> 326.53323 | K91: ='Utilisation rate workouts '!C9 -> 0.18519726 | L91: =J91*K91 -> 60.47306 | M91: =L91/'Utilisation rate workouts '!$C$5 -> 0.017744443
A92: 38 | B92: Notice board | C92: 12 | D92: =535/13.5 -> 39.62963 | E92: =C92*D92 -> 475.55556 | F92: =((10/100)*E92)/12 -> 3.962963 | G92: 15 | H92: =IF(G92=30,19.6004, IF(G92=15,11.9379,IF(G92=10,8.5302,IF(G92=5,4.5797,IF(G92=2,1.9135))))) -> 11.9379 | I92: =F92*12 -> 47.555556 | J92: =E92/H92+I92 -> 87.391335 | K92: ='Utilisation rate workouts '!C9 -> 0.18519726 | L92: =J92*K92 -> 16.184636 | M92: =L92/'Utilisation rate workouts '!$C$5 -> 0.0047490129
A93: 39 | B93: Microfiche | C93: 12 | D93: =1399/13.5 -> 103.62963 | E93: =C93*D93 -> 1243.5556 | F93: =((10/100)*E93)/12 -> 10.362963 | G93: 5 | H93: =IF(G93=30,19.6004, IF(G93=15,11.9379,IF(G93=10,8.5302,IF(G93=5,4.5797,IF(G93=2,1.9135))))) -> 4.5797 | I93: =F93*12 -> 124.35556 | J93: =E93/H93+I93 -> 395.89202 | K93: ='Utilisation rate workouts '!C9 -> 0.18519726 | L93: =J93*K93 -> 73.318118 | M93: =L93/'Utilisation rate workouts '!$C$5 -> 0.021513532
A94: 40 | B94: Otoscope | C94: 12 | D94: =1175/13.5 -> 87.037037 | E94: =C94*D94 -> 1044.4444 | F94: =((10/100)*E94)/12 -> 8.7037037 | G94: 5 | H94: =IF(G94=30,19.6004, IF(G94=15,11.9379,IF(G94=10,8.5302,IF(G94=5,4.5797,IF(G94=2,1.9135))))) -> 4.5797 | I94: =F94*12 -> 104.44444 | J94: =E94/H94+I94 -> 332.50402 | K94: ='Utilisation rate workouts '!C9 -> 0.18519726 | L94: =J94*K94 -> 61.578834 | M94: =L94/'Utilisation rate workouts '!$C$5 -> 0.018068907
A95: 41 | B95: Phone | C95: 12 | D95: =352.12/13.5 -> 26.082963 | E95: =C95*D95 -> 312.99556 | F95: =((10/100)*E95)/12 -> 2.6082963 | G95: 5 | H95: =IF(G95=30,19.6004, IF(G95=15,11.9379,IF(G95=10,8.5302,IF(G95=5,4.5797,IF(G95=2,1.9135))))) -> 4.5797 | I95: =F95*12 -> 31.299556 | J95: =E95/H95+I95 -> 99.643673 | K95: ='Utilisation rate workouts '!C9 -> 0.18519726 | L95: =J95*K95 -> 18.453735 | M95: =L95/'Utilisation rate workouts '!$C$5 -> 0.0054148285
A96: 42 | B96: Curtain | C96: 12 | D96: =949/13.5 -> 70.296296 | E96: =C96*D96 -> 843.55556 | F96: =((10/100)*E96)/12 -> 7.0296296 | G96: 15 | H96: =IF(G96=30,19.6004, IF(G96=15,11.9379,IF(G96=10,8.5302,IF(G96=5,4.5797,IF(G96=2,1.9135))))) -> 11.9379 | I96: =F96*12 -> 84.355556 | J96: =E96/H96+I96 -> 155.01753 | K96: ='Utilisation rate workouts '!C9 -> 0.18519726 | L96: =J96*K96 -> 28.708822 | M96: =L96/'Utilisation rate workouts '!$C$5 -> 0.00842395
A97: 43 | B97: Screen | C97: 12 | D97: =3282.7/13.5 -> 243.16296 | E97: =C97*D97 -> 2917.9556 | F97: =((10/100)*E97)/12 -> 24.316296 | G97: 10 | H97: =IF(G97=30,19.6004, IF(G97=15,11.9379,IF(G97=10,8.5302,IF(G97=5,4.5797,IF(G97=2,1.9135))))) -> 8.5302 | I97: =F97*12 -> 291.79556 | J97: =E97/H97+I97 -> 633.86908 | K97: ='Utilisation rate workouts '!C9 -> 0.18519726 | L97: =J97*K97 -> 117.39082 | M97: =L97/'Utilisation rate workouts '!$C$5 -> 0.034445662
A98: 44 | B98: Sharps bin | C98: 12 | D98: =173.32/13.5 -> 12.838519 | E98: =C98*D98 -> 154.06222 | F98: =((10/100)*E98)/12 -> 1.2838519 | G98: 5 | H98: =IF(G98=30,19.6004, IF(G98=15,11.9379,IF(G98=10,8.5302,IF(G98=5,4.5797,IF(G98=2,1.9135))))) -> 4.5797 | I98: =F98*12 -> 15.406222 | J98: =E98/H98+I98 -> 49.046466 | K98: ='Utilisation rate workouts '!C9 -> 0.18519726 | L98: =J98*K98 -> 9.0832711 | M98: =L98/'Utilisation rate workouts '!$C$5 -> 0.0026652791
A99: 45 | B99: Sink | C99: 12 | D99: =990/13.5 -> 73.333333 | E99: =C99*D99 -> 880 | F99: =((10/100)*E99)/12 -> 7.3333333 | G99: 15 | H99: =IF(G99=30,19.6004, IF(G99=15,11.9379,IF(G99=10,8.5302,IF(G99=5,4.5797,IF(G99=2,1.9135))))) -> 11.9379 | I99: =F99*12 -> 88 | J99: =E99/H99+I99 -> 161.71481 | K99: ='Utilisation rate workouts '!C9 -> 0.18519726 | L99: =J99*K99 -> 29.949139 | M99: =L99/'Utilisation rate workouts '!$C$5 -> 0.008787893
A100: 46 | B100: Table | C100: 12 | D100: =1173/13.5 -> 86.888889 | E100: =C100*D100 -> 1042.6667 | F100: =((10/100)*E100)/12 -> 8.6888889 | G100: 15 | H100: =IF(G100=30,19.6004, IF(G100=15,11.9379,IF(G100=10,8.5302,IF(G100=5,4.5797,IF(G100=2,1.9135))))) -> 11.9379 | I100: =F100*12 -> 104.26667 | J100: =E100/H100+I100 -> 191.60754 | K100: ='Utilisation rate workouts '!C9 -> 0.18519726 | L100: =J100*K100 -> 35.485192 | M100: =L100/'Utilisation rate workouts '!$C$5 -> 0.010412322
A101: 47 | B101: Trolley | C101: 12 | D101: =3641/13.5 -> 269.7037 | E101: =C101*D101 -> 3236.4444 | F101: =((10/100)*E101)/12 -> 26.97037 | G101: 15 | H101: =IF(G101=30,19.6004, IF(G101=15,11.9379,IF(G101=10,8.5302,IF(G101=5,4.5797,IF(G101=2,1.9135))))) -> 11.9379 | I101: =F101*12 -> 323.64444 | J101: =E101/H101+I101 -> 594.75113 | K101: ='Utilisation rate workouts '!C9 -> 0.18519726 | L101: =J101*K101 -> 110.14628 | M101: =L101/'Utilisation rate workouts '!$C$5 -> 0.032319918
A102: 48 | B102: Suction machine | C102: 12 | D102: =2999/13.5 -> 222.14815 | E102: =C102*D102 -> 2665.7778 | F102: =((10/100)*E102)/12 -> 22.214815 | G102: 10 | H102: =IF(G102=30,19.6004, IF(G102=15,11.9379,IF(G102=10,8.5302,IF(G102=5,4.5797,IF(G102=2,1.9135))))) -> 8.5302 | I102: =F102*12 -> 266.57778 | J102: =E102/H102+I102 -> 579.08836 | K102: ='Utilisation rate workouts '!C9 -> 0.18519726 | L102: =J102*K102 -> 107.24558 | M102: =L102/'Utilisation rate workouts '!$C$5 -> 0.031468773
A103: 49 | B103: Apparatus diagnostic ent | C103: 12 | D103: =782/13.5 -> 57.925926 | E103: =C103*D103 -> 695.11111 | F103: =((10/100)*E103)/12 -> 5.7925926 | G103: 5 | H103: =IF(G103=30,19.6004, IF(G103=15,11.9379,IF(G103=10,8.5302,IF(G103=5,4.5797,IF(G103=2,1.9135))))) -> 4.5797 | I103: =F103*12 -> 69.511111 | J103: =E103/H103+I103 -> 221.29204 | K103: ='Utilisation rate workouts '!C9 -> 0.18519726 | L103: =J103*K103 -> 40.982679 | M103: =L103/'Utilisation rate workouts '!$C$5 -> 0.012025434
A104: 50 | B104: Step 2 Step | C104: 12 | D104: =599/13.5 -> 44.37037 | E104: =C104*D104 -> 532.44444 | F104: =((10/100)*E104)/12 -> 4.437037 | G104: 15 | H104: =IF(G104=30,19.6004, IF(G104=15,11.9379,IF(G104=10,8.5302,IF(G104=5,4.5797,IF(G104=2,1.9135))))) -> 11.9379 | I104: =F104*12 -> 53.244444 | J104: =E104/H104+I104 -> 97.845626 | K104: ='Utilisation rate workouts '!C9 -> 0.18519726 | L104: =J104*K104 -> 18.120742 | M104: =L104/'Utilisation rate workouts '!$C$5 -> 0.0053171191
A105: 51 | B105: X-ray view box | C105: 12 | D105: =1265/13.5 -> 93.703704 | E105: =C105*D105 -> 1124.4444 | F105: =((10/100)*E105)/12 -> 9.3703704 | G105: 5 | H105: =IF(G105=30,19.6004, IF(G105=15,11.9379,IF(G105=10,8.5302,IF(G105=5,4.5797,IF(G105=2,1.9135))))) -> 4.5797 | I105: =F105*12 -> 112.44444 | J105: =E105/H105+I105 -> 357.97241 | K105: ='Utilisation rate workouts '!C9 -> 0.18519726 | L105: =J105*K105 -> 66.295511 | M105: =L105/'Utilisation rate workouts '!$C$5 -> 0.019452908
A106: 52 | B106: Computer | C106: 12 | D106: 13.53649 | E106: =C106*D106 -> 162.43788 | F106: =((10/100)*E106)/12 -> 1.353649 | G106: 10 | H106: =IF(G106=30,19.6004, IF(G106=15,11.9379,IF(G106=10,8.5302,IF(G106=5,4.5797,IF(G106=2,1.9135))))) -> 8.5302 | I106: =F106*12 -> 16.243788 | J106: =E106/H106+I106 -> 35.286469 | K106: ='Utilisation rate workouts '!C9 -> 0.18519726 | L106: =J106*K106 -> 6.5349575 | M106: =L106/'Utilisation rate workouts '!$C$5 -> 0.0019175345
A107: 53 | B107: Office desk | C107: 12 | D107: =999/13.5 -> 74 | E107: =C107*D107 -> 888 | F107: =((10/100)*E107)/12 -> 7.4 | G107: 15 | H107: =IF(G107=30,19.6004, IF(G107=15,11.9379,IF(G107=10,8.5302,IF(G107=5,4.5797,IF(G107=2,1.9135))))) -> 11.9379 | I107: =F107*12 -> 88.8 | J107: =E107/H107+I107 -> 163.18494 | K107: ='Utilisation rate workouts '!C9 -> 0.18519726 | L107: =J107*K107 -> 30.221404 | M107: =L107/'Utilisation rate workouts '!$C$5 -> 0.008867783
A108: 54 | B108: Oxygen pump | C108: 12 | D108: =968.99/13.5 -> 71.777037 | E108: =C108*D108 -> 861.32444 | F108: =((10/100)*E108)/12 -> 7.1777037 | G108: 15 | H108: =IF(G108=30,19.6004, IF(G108=15,11.9379,IF(G108=10,8.5302,IF(G108=5,4.5797,IF(G108=2,1.9135))))) -> 11.9379 | I108: =F108*12 -> 86.132444 | J108: =E108/H108+I108 -> 158.28286 | K108: ='Utilisation rate workouts '!C9 -> 0.18519726 | L108: =J108*K108 -> 29.313552 | M108: =L108/'Utilisation rate workouts '!$C$5 -> 0.0086013944
...

Sheet Utilisation rate workouts 
A1: Outpatient department | F1: Annual average utilisation rates for RHD care at four clinical units at GSH
A2: ENTER DATA IN GREEN CELLS ONLY | F2: Clinical unit | G2: Outpatient clinic | H2: Medical and ICU | I2: Cath lab | J2: Surgery/
A3: Utilisation-based allocation factor (% of RHD visits out of total cardiac clinic visits) | J3: theatre
A4: Utilisation category | B4: Number of patients | C4: Annual outpatient attendance/visit/encounter | F4: Per-patient utlisation rate per annuam | G4: 2.9 | H4: 0.31 | I4: 0.19 | J4: 0.22
A5: Total number of visits - ALL RHD patients | B5: 668 | C5: 3408 | F5: 95% confidence interval | G5: (2.0 - 3.9) | H5: (0.11 - 0.50) | I5: (0.068 - 0.31) | J5: (0.043- 0.39)
A7: Total number of visit - ALL Cardiac Clinic visits (including all RHD visits) | B7: 7423 | C7: 18402
A9: % of visits for RHD - ALLOCATION FACTOR | B9: =B5/B7 -> 0.08999057 | C9: =C5/C7 -> 0.18519726
A11: Medical & ICU department
A12: ENTER DATA IN GREEN CELLS ONLY
A13: Utilisation-based allocation factor (% of RHD admissions out of all admissions)
A15: Utilisation category | B15: Number of patients | C15: Total annual inpatient days
A16: Total number of RHD admissions | B16: 309 | C16: 1883
A18: Total number of admissions - ALL Patients admited in the GSH (including all RHD admissions) | B18: 1227 | C18: 7720
A20: % of admissions for RHD - ALLOCATION FACTOR | B20: =(B16/B18) -> 0.25183374 | C20: =(C16/C18) -> 0.24391192
A22: Catheterisation laboratory (Cath lab)
A23: ENTER DATA IN GREEN CELLS ONLY
A24: Utilisation-based allocation factor (% of RHD catheterization laboratory (cath lab) admissions out of all cath lab admissions)
A26: Utilisation category | B26: Number of patients | C26: Cath lab procedure attendace
A27: Total number of RHD cath lab admissions | B27: 301 | C27: 319
A29: Total number of cath lab admissions - ALL Patients admitted in cath lab (including all RHD patients) | B29: 1426 | C29: 1922
A31: % of cath lab admissions for RHD - ALLOCATION FACTOR | B31: =(B27/B29) -> 0.21107994 | C31: =(C27/C29) -> 0.16597294
A33: Surgery/Theater
A34: ENTER DATA IN GREEN CELLS ONLY
A35: Utilisation-based allocation factor (% of RHD surgeries out of all surgeries)
A37: Utilisation category | B37: Number of patients | C37: Surgeries bed days
A38: Total number of RHD related patient surgeries | B38: 56 | C38: 91
A40: Total number of surgeries in theatre - ALL Patients who had surgery in the surgical department including RHD patients | B40: 294 | C40: 322
A42: % of surgery for RHD - ALLOCATION FACTOR | B42: =(B38/B40) -> 0.19047619 | C42: =(C38/C40) -> 0.2826087

Sheet % of time allocation workouts
A1: Out-patient department
C2: Minutes per annuam
A3: Name of the clinic | B3: Cardaic clinic (E17) GSH | C3: 124800 | T3: 0
A4: Position/post and grade | B4: Registered professional nurse (Manager cardiac clinic) | G4: % allocation of time | T4: 0
A5: Activities | B5: Managing the whole ward regrding cardaic care | T5: 0
B6: Allocation factor was used because, operations manager does not have direct contact with patients, and equal time all cardaic patients assumed
A7: % allocation of time | G7: =('Utilisation rate workouts '!C5/'Utilisation rate workouts '!C7) -> 0.18519726
B8: Registered professional nurse
A9: Activities | B9: Folders review | C9: Testing (including weight, x-ray,blood, ECG,ECHO) | D9: Appointments and presciption adjusting | E9: Oral support | F9: other unrelated activites
A10: Monday 8.00 - 13.00
A11: Monday 13.00 – 16.00
A12: Tuesday 8.00 - 13.00 | B12: 20 | C12: 45 | D12: 30 | F12: 10
A13: Tuesday 13.00 – 16.00 | E13: 10
A14: Wednesday 8.00 - 13.00
A15: Wednsday 13.00 – 16.00 | B15: 20 | C15: 45 | D15: 30
A16: Thursday 8.00 - 13.00 | E16: 10 | F16: 10
A17: Thursday 13.00 – 16.00 | B17: 20 | C17: 45 | D17: 30
A18: Friday 8.00 - 13.00 | E18: 10 | F18: 10
A19: Sub-total | B19: =B12+B15+B17 -> 60 | C19: =C12+C15+C17 -> 135 | D19: =D12+D15+D17 -> 90 | E19: =E13+E16+E18 -> 30 | F19: =F12+F16+F18 -> 30
A20: Total | F20: =SUM(B19:F19) -> 345 | G20: =(F20*52)/C3 -> 0.14375
A21: Position/post and grade | B21: Cardiac Specialist/Consultant
A22: Activities | B22: Cardaic consultation (check-up of each patient follow-up folder) | C22: Physical examinations for check-up | D22: Review medication progress and write new | E22: Consulting and supervising other senior and junior registrars | F22: other unrelated activites
A23: Monday 8.00 - 13.00
A24: Monday 13.00 – 16.00
A25: Tuesday 8.00 - 13.00 | B25: 10 | C25: 30 | E25: 10
A26: Tuesday 13.00 – 16.00 | D26: 20
A27: Wednesday 8.00 - 13.00 | B27: 10 | C27: 30 | E27: 10
A28: Wednsday 13.00 – 16.00
A29: Thursday 8.00 - 13.00 | B29: 10 | C29: 30 | E29: 10
A30: Thursday 13.00 – 16.00 | D30: 20
A31: Friday 8.00 - 13.00
A32: Friday 14.00 - 16.00
A33: Sub-total | B33: =SUM(B24:B32) -> 30 | C33: =SUM(C24:C32) -> 90 | D33: =SUM(D24:D32) -> 40 | E33: =SUM(E24:E32) -> 30
A34: Total | F34: =SUM(B33:E33) -> 190 | G34: =(F34*52)/C3 -> 0.079166667
A35: Position/post and grade | B35: Doctor (senior registrar)
A36: Activities | B36: Cardaic consultation (check-up of each patient follow-up folder) | C36: Physical examinations for check-up | D36: Review medication progress and write new | E36: Referal writing when neccesary | F36: other unrelated ativites
A37: Monday 8.00 - 13.00
A38: Monday 13.00 – 16.00
A39: Tuesday 8.00 - 13.00 | B39: 20 | C39: 30
A40: Tuesday 13.00 – 16.00 | D40: 20 | E40: 10
A41: Wednesday 8.00 - 13.00 | B41: 20 | C41: 30
A42: Wednsday 13.00 – 16.00 | D42: 20 | E42: 10
A43: Thursday 8.00 - 13.00
A44: Thursday 13.00 – 16.00 | C44: 30 | D44: 20 | E44: 10
A45: Friday 8.00 - 13.00 | B45: 30
A46: Sub-total | B46: =SUM(B38:B45) -> 70 | C46: =SUM(C38:C45) -> 90 | D46: =SUM(D38:D45) -> 60 | E46: =SUM(E38:E45) -> 30
A47: Total | F47: =SUM(B46:E46) -> 250 | G47: =(F47*52)/C3 -> 0.10416667
A48: Position/post and grade | B48: Doctor (Junior registrar)
A49: Activities | B49: Cardaic consultation (check-up of each patient follow-up folder) | C49: Physical examinations for check-up | D49: Review medication progress and write new | E49: other unrelated activities
A50: Monday 8.00 - 13.00
A51: Monday 13.00 – 16.00
A52: Tuesday 8.00 - 13.00 | B52: 20 | C52: 15
A53: Tuesday 13.00 – 16.00 | D53: 20 | E53: 10
A54: Wednesday 8.00 - 13.00 | B54: 20 | C54: 15
A55: Wednsday 13.00 – 16.00 | D55: 20 | E55: 10
A56: Thursday 8.00 - 13.00 | B56: 20 | C56: 15
A57: Thursday 13.00 – 16.00 | D57: 20 | E57: 10
A58: Friday 08:00-16:00
A59: Sub-total | B59: =SUM(B51:B58) -> 60 | C59: =SUM(C51:C58) -> 45 | D59: =SUM(D51:D58) -> 60 | E59: =SUM(E51:E58) -> 30
A60: Total | F60: =SUM(B59:E59) -> 195 | G60: =(F60*52)/C3 -> 0.08125
A61: Position/post and grade | B61: Enrolled nurse
A62: Activities | B62: checking the folder | C62: Blood drawing | D62: Testing for pregnancy and taking urine when it is neccesary | E62: other unrelated activites
A63: Monday 8.00 - 13.00
A64: Monday 13.00 – 16.00
A65: Tuesday 8.00 - 13.00 | B65: 20 | C65: 20 | D65: 30 | E65: 20
A66: Tuesday 13.00 – 16.00
A67: Wednesday 8.00 - 13.00
A68: Wednsday 13.00 – 16.00 | B68: 20 | C68: 20 | D68: 30 | E68: 20
A69: Thursday 8.00 - 13.00 | B69: 20 | C69: 20 | D69: 30 | E69: 20
A70: Thursday 13.00 – 16.00
A71: Friday 8.00 - 13.00
A72: Sub-total | B72: =SUM(B63:B71) -> 60 | C72: =SUM(C63:C71) -> 60 | D72: =SUM(D63:D71) -> 90 | E72: =SUM(E63:E71) -> 60
A73: Total | F73: =SUM(B72:E72) -> 270 | G73: =(F73*52)/C3 -> 0.1125
A74: Position/post and grade | B74: Admin clerck
A75: Activities | B75: Requeting folders | C75: filling next appointments | D75: Updating information on the system | E75: other unrelated activities
A76: Monday 8.00 - 13.00
A77: Monday 13.00 – 16.00
A78: Tuesday 8.00 - 13.00 | B78: 5 | C78: 5 | D78: 10 | E78: 20
A79: Tuesday 13.00 – 16.00
A80: Wednesday 8.00 - 13.00 | B80: 5 | C80: 5 | D80: 10 | E80: 20
A81: Wednsday 13.00 – 16.00
A82: Thursday 8.00 - 13.00 | B82: 5 | C82: 5 | D82: 10 | E82: 20
A83: Thursday 13.00 – 16.00
A84: Friday 8.00 - 13.00
A85: Sub-total | B85: =SUM(B77:B84) -> 15 | C85: =SUM(C77:C84) -> 15 | D85: =SUM(D77:D84) -> 30 | E85: =SUM(E77:E84) -> 60
A86: Total | F86: =SUM(B85:E85) -> 120 | G86: =(F86*52)/C3 -> 0.05
A87: Position/post and grade | B87: Medical records officer
A88: Activities | B88: finding a folder | C88: delivering to the ward | D88: collectng the folders | E88: Fill and clock the folders | F88: other unrelated activities
A89: Monday 8.00 - 13.00
A90: Monday 13.00 – 16.00
A91: Tuesday 8.00 - 13.00 | B91: 10 | C91: 15 | D91: 15 | E91: 10 | F91: 5
A92: Tuesday 13.00 – 16.00
A93: Wednesday 8.00 - 13.00 | B93: 10 | C93: 15 | D93: 15 | E93: 10 | F93: 5
A94: Wednsday 13.00 – 16.00
A95: Thursday 8.00 - 13.00 | B95: 10 | C95: 15 | D95: 15 | E95: 10 | F95: 5
A96: Thursday 13.00 – 16.00
A97: Friday 8.00 - 13.00
A98: Sub-total | B98: =SUM(B89:B97) -> 30 | C98: =SUM(C89:C97) -> 45 | D98: =SUM(D89:D97) -> 45 | E98: =SUM(E89:E97) -> 30 | F98: =SUM(F89:F97) -> 15
A99: Total | F99: =SUM(B98:F98) -> 165 | G99: =(F99*52)/C3 -> 0.06875
A100: Position/post and grade | B100: ECGtech/ECOtech
...

Sheet Aggregate RHD total cost to GSH
A1: Aggregate RHD care costs to GSH in 2017 and estimated annual costs per-patient
A2: Clinical unit | B2: Aggregate cost to GSH in 2017 (US$) | C2: Unit cost per encounter (US$) | D2: Estimated per-patient annual cost (US$) | E2: % share of per-patient annual cost
A3: Outpatient clinic | B3: =Costs!H34+Costs!E67+Costs!H42+Costs!H38+Costs!K81+Costs!L190+Costs!I75+Costs!G71 -> 403584.03 | C3: =Costs!I34+Costs!I38+Costs!I42+Costs!I66+Costs!I71+Costs!H75+Costs!L81+Costs!M190 -> 319.75934 | D3: =C3*'Utilisation rate workouts '!$G$4 -> 927.30208 | E3: =D3/D7 -> 0.240574
A4: Cardaic Medical & ICU wad | B4: =Costs!H205+Costs!H209+Costs!H213+Costs!E238+Costs!G242+Costs!G246+Costs!G250+Costs!K256+Costs!L273+Costs!L288+Costs!L296+Costs!L300 -> 239356.24 | C4: =Costs!I205+Costs!I209+Costs!I213+Costs!I237+Costs!I242+Costs!I246+Costs!I250+Costs!L256+Costs!M301 -> 262.03764 | D4: =C4*'Utilisation rate workouts '!H4 -> 81.231669 | E4: =D4/D7 -> 0.021074284
A5: Cardaic Catheterisation laboratory (cath lab) | B5: =Costs!H314+Costs!H322+Costs!H318+Costs!K331+Costs!L387+Costs!G326 -> 491449.11 | C5: =Costs!I314+Costs!I318+Costs!I322+Costs!I326+Costs!L331+Costs!M387 -> 1901.3241 | D5: =C5*'Utilisation rate workouts '!I4 -> 361.25159 | E5: =D5/D7 -> 0.093721064
A6: Surgical theatre | B6: =Costs!H403+Costs!H414+Costs!H407+Costs!H409+Costs!H408+Costs!H410+Costs!K423+Costs!L469+Costs!G418 -> 800789.98 | C6: =Costs!I403+Costs!I407+Costs!I408+Costs!I409+Costs!I410+Costs!I414+Costs!I418+Costs!L423+Costs!M469 -> 11294.339 | D6: =C6*'Utilisation rate workouts '!J4 -> 2484.7546 | E6: =D6/D7 -> 0.64463066
A7: Total cost | B7: =SUM(B3:B6) -> 1935179.4 | D7: =SUM(D3:D6) -> 3854.54 | E7: =SUM(E3:E6) -> 1
